 Dungeon Crawl Stone Soup version 0.25.0-46-gbd7b0854d2 (webtiles) character file.

Game seed: 2891255004853190724

97 Curus the Cudgeler (level 4, -4/39 HPs)
             Began as a Minotaur Monk on July 16, 2020.
             Was a Believer of Trog.
             Slain by a gnoll
             ... wielding a +0 spear
              (6 damage)
             ... on level 3 of the Dungeon.
             The game lasted 00:10:24 (1953 turns).

Curus the Cudgeler (Minotaur Monk)                  Turns: 1953, Time: 00:10:25

Health: -4/39      AC: 12    Str: 16    XL:     4   Next: 42%
Magic:  3/3        EV:  2    Int:  7    God:    Trog [**....]
Gold:   165        SH:  7    Dex: 13    Spells: 3/3 levels left

rFire    . . .     SeeInvis .   a - +0 mace
rCold    . . .     Gourm    .   h - +0 kite shield
rNeg     . . .     Faith    .   e - +1 plate armour
rPois    .         Spirit   .   (helmet restricted)
rElec    .         Reflect  .   (no cloak)
rCorr    .         Harm     .   (no gloves)
MR       .....                  f - +0 pair of boots
Stlth    ..........             (no amulet)
HPRegen  0.13/turn              k - ring of stealth
MPRegen  0.08/turn              (no ring)

@: berserk cooldown, slowed, very slow
A: retaliatory headbutt, horns 2
a: Berserk, Trog's Hand, Renounce Religion


You were on level 3 of the Dungeon.
You worshipped Trog.
Trog was pleased with you.
You were hungry.

You visited 1 branch of the dungeon, and saw 3 of its levels.

You collected 165 gold pieces.

Inventory:

Hand Weapons
 a - a +0 mace (weapon)
Armour
 b - a +0 robe
 e - a +1 plate armour (worn)
 f - a +0 pair of boots (worn)
 h - a +0 kite shield (worn)
Jewellery
 k - a ring of stealth (left hand)
Scrolls
 g - 2 scrolls of remove curse
 i - 2 scrolls of identify
Potions
 d - 2 potions of lignification
Comestibles
 c - 7 rations
 j - 2 chunks of flesh


   Skills:
 - Level 3.6 Fighting
 + Level 6.4 Maces & Flails
 - Level 3.2 Dodging
 - Level 1.5 Stealth


You had 3 spell levels left.
You didn't know any spells.
Your spell library was empty.

Dungeon Overview and Level Annotations

Branches:
Dungeon (3/15)

Altars:
Cheibriados
Elyvilon
Fedhas
Trog
Yredelemnul
Zin


Innate Abilities, Weirdness & Mutations

You reflexively headbutt those who attack you in melee.
You have a pair of horns on your head.


Message History

You closely miss the orc. You block the gnoll's attack.
The gnoll hits you but does no damage.
The orc hits you from afar with a +0 trident.
* * * LOW HITPOINT WARNING * * *
The orc hits you but does no damage.
You hit the orc.
The orc is severely wounded.
The gnoll hits you with a +0 spear.
* * * LOW HITPOINT WARNING * * *
You block the gnoll's attack. The orc hits you but does no damage. x2
You feel a strong urge to attack something.
You are no longer berserk.
You are exhausted.
You feel yourself slow down. You block the gnoll's attack.
The gnoll hits you but does no damage. You block the gnoll's attack.
The orc suddenly curses, as Orcs often do.
The gnoll hits you from afar with a +0 spear.
You die...

.÷.#.####.............)#
...#.##.#.#########.#..#
...#.##.#.###### #.#..#
....>..........####g#..#
...#.##.#.###..........#
...#.##.#.#.......o....#
............#...go.....#
.................####..#
....(.........#.@## #..#
........#.#...#..÷# #..#
...######.#.#.#.#.###..#
............#.#.#..# ...
######..........##.###.#.#.
# #..........#.........# #
#..........#..###....) ####
#.................####
...###.....................


You could see 2 gnolls and 2 orcs.

Vanquished Creatures
  2 gnolls (D:3)
  2 adders (D:2)
  A worm (D:2)
  2 dart slugs (D:1)
  2 leopard geckos
  2 orcs (D:3)
  6 bats
  7 goblins
  4 hobgoblins
  5 jackals
  5 frilled lizards
  5 kobolds
  7 rats
50 creatures vanquished.

Notes
Turn   | Place    | Note
-------+----------+-------------------------------------------
     0 | D:1      | Curus the Minotaur Monk began the quest for the Orb.
     0 | D:1      | Reached XP level 1. HP: 19/19 MP: 0/0
    17 | D:1      | Reached skill level 4 in Maces & Flails
   158 | D:1      | Reached XP level 2. HP: 26/26 MP: 1/1
   485 | D:1      | Reached skill level 5 in Maces & Flails
   646 | D:1      | Reached XP level 3. HP: 29/31 MP: 2/2
   804 | D:2      | Found a blossoming altar of Fedhas.
   973 | D:2      | Found a white marble altar of Elyvilon.
  1154 | D:2      | Found a snail-covered altar of Cheibriados.
  1276 | D:2      | Found a basalt altar of Yredelemnul.
  1538 | D:3      | Found a bloodstained altar of Trog.
  1542 | D:3      | Became a worshipper of Trog the Wrathful
  1542 | D:3      | Reached * piety under Trog
  1542 | D:3      | Reached ** piety under Trog
  1636 | D:3      | Reached skill level 6 in Maces & Flails
  1636 | D:3      | Reached XP level 4. HP: 32/39 MP: 3/3
  1819 | D:3      | Noticed an angel
  1820 | D:3      | Found a glowing silver altar of Zin.
  1942 | D:3      | HP: 1/58 [gnoll/+0 spear (4)]
  1953 | D:3      | Slain by a gnoll

Illustrated notes

Levels and vault maps discovered:
D:1:      minmay_arrival_four_circles, layout_basic
D:2:      layout_basic, lemuel_crystal_altar, lemuel_coloured_pillars_altar,
          yredelemnul_altar_generic, nicolae_overflow_crystal_walls,
          first_ration
D:3:      wad_river_or_something, layout_basic, bloody_trog, zin_angel,
          kennysheep_generic_room_6

Skill      XL: |  1  2  3 |
---------------+----------+-----
Maces & Flails | 4 5 6 |  6.4
Fighting       | |  3.6
Dodging        | |  3.2
Stealth        | |  1.5

Action                   |  1- 3 |  4- 6 || total
-------------------------+-------+-------++-------
Melee: Mace              |   112 |    34 ||   146
       Headbutt          |     8 |     8 ||    16
Invok: Berserk           |       |     1 ||     1
  Use: Scroll            |     5 |     1 ||     6
       Potion            |     4 |       ||     4
  Eat: Ration            |     1 |       ||     1
Armor: Robe              |     3 |       ||     3
       Plate armour      |    56 |    38 ||    94
Dodge: Dodged            |    27 |     2 ||    29
Block: Kite shield       |    21 |    27 ||    48
